 Dungeon Crawl Stone Soup version 0.31-a0-851-g7ff8af7976 (webtiles) character file.

Game seed: 2108624196039288855

217 Darius099 the Chopper (level 5, -4/46 HPs)
             Began as a Minotaur Fighter on Oct 7, 2023.
             Slain by Menkaure (10 damage)
             ... on level 4 of the Dungeon.
             The game lasted 00:06:16 (1829 turns).

Darius099 the Chopper (Minotaur Fighter)            Turns: 1829, Time: 00:06:17

Health: -4/46      AC:  7    Str: 23    XL:     5   Next: 62%
Magic:  13/13      EV:  9    Int:  5    God:
Gold:   135        SH:  4    Dex:  9    Spells: 4/4 levels left

rFire   . . .        a - +0 war axe
rCold   . . .        c - +0 buckler
rNeg    . . .        b - +0 scale mail
rPois   .            (helmet restricted)
rElec   .            (no cloak)
rCorr   .            (no gloves)
SInv    .            (no boots)
Will    .....        (no amulet) Stlth
                     m - ring of magical power
HPRegen 0.27/turn    (no ring)
MPRegen 0.13/turn

%: no passive effects
@: no status effects
A: horns 2, retaliatory headbutt
a: no special abilities


You were on level 4 of the Dungeon.
You visited 1 branch of the dungeon, and saw 4 of its levels.

You collected 135 gold pieces.

Inventory:

Hand Weapons
 a - a +0 war axe (weapon)
Missiles
 g - a throwing net
Armour
 b - a +0 scale mail (worn)
 c - a +0 buckler (worn)
Jewellery
 m - a ring of magical power (left hand)
Scrolls
 f - a scroll of amnesia {unknown}
 h - 2 scrolls of noise {unknown}
 j - 2 scrolls of immolation {unknown}
 k - 4 scrolls of identify {unknown}
 n - 2 scrolls of teleportation {unknown}
Potions
 d - 2 potions of might
 e - 4 potions of attraction {unknown}
 i - 2 potions of mutation {unknown}
 l - a potion of haste {unknown}
 o - 2 potions of lignification {unknown}


   Skills:
 - Level 4.0 Fighting
 + Level 6.5 Axes
 - Level 4.0 Armour
 - Level 4.0 Shields


You had 4 spell levels left.
You didn't know any spells.
Your spell library contained the following spells:

 Spells                   Type           Power      Damage    Failure   Level
 Sublimation of Blood     Necr           0%         N/A       94%         2
 Petrify                  Tmut/Erth      0%         N/A       100%        4
 Irradiate                Conj/Tmut      0%         3d11      100%        5


Dungeon Overview and Level Annotations

Branches:
Dungeon (4/15)
 Temple: D:4-7

Altars:
Ru

Shops:
D:1 [

Annotations:
D:4 Menkaure


Innate Abilities, Weirdness & Mutations

You have a pair of horns on your head.
You reflexively headbutt those who attack you in melee.


Message History

Menkaure moves out of view.
Things that are here:
a +0 short sword; a +0 leather armour; 8 gold pieces You closely miss Dowan.
Dowan is moderately wounded.
You barely miss the ball python.
The kobold shouts!
You block Dowan's attack. The ball python barely misses you.
You furiously retaliate!
You headbutt the ball python.
You kill the ball python!
You block Dowan's attack. Dowan hits you with a +0 dagger.
* * * LOW HITPOINT WARNING * * *
You block Dowan's attack.
You closely miss Dowan. Your headbutt misses Dowan.
Dowan is moderately wounded.
Dowan hits you but does no damage.
You hit Dowan. You headbutt Dowan.
Dowan is severely wounded.
Dowan gestures at you while chanting. The shard of ice misses you.
Dowan hits you but does no damage.
You barely miss Dowan.
Dowan is severely wounded.
Dowan gestures wildly while chanting.
Dowan blinks!
You barely miss Dowan.
Dowan is severely wounded.
You slash the kobold!
You kill the kobold!
Dowan misses you. Dowan hits you but does no damage.
You slash Dowan!
You kill Dowan!
You hit Menkaure. You hit Menkaure.
Menkaure is moderately damaged.
Menkaure barely misses you.
You barely miss Menkaure.
Menkaure is moderately damaged.
Menkaure hits you!
You die...

#...####.##. #
#.#.###..)........
.............##...
.#.#.###.#...##.### ...
#.#......... # #.#
#.##..##.###
###.###.#####.##..# #
#.............##..#
#....)@.....##..####.#
.#..##M####...#........
.........)........####.#
#....###.###...#..# #..#
#M# ##.##..# .. ...
.?.......
..K####.##.#### ....#
#S##.# ...... ..##.#


You could see Menkaure.

Vanquished Creatures
  Duvessa (D:4)
  Dowan (D:4)
  An adder (D:2)
  2 worms (D:3)
  A dart slug (D:1)
  2 orcs (D:4)
  8 endoplasms
  3 giant cockroaches
  2 goblins
  3 hobgoblins
  2 quokkas
  3 ball pythons
  6 bats
  4 frilled lizards (D:1)
  4 kobolds
  4 rats
47 creatures vanquished.

Notes
Turn   | Place    | Note
-------+----------+-------------------------------------------
     0 | D:1      | Darius099 the Minotaur Fighter began the quest for the Orb.
     0 | D:1      | Reached XP level 1. HP: 19/19 MP: 0/0
   110 | D:1      | Reached XP level 2. HP: 21/27 MP: 1/1
   377 | D:1      | Found Bobiasch's Antique Armour Boutique.
   488 | D:2      | Found a sacrificial altar of Ru.
   513 | D:2      | Reached skill level 3 in Axes
   548 | D:2      | Reached XP level 3. HP: 33/33 MP: 2/2
  1521 | D:3      | Reached skill level 4 in Axes
  1799 | D:4      | Noticed Duvessa
  1799 | D:4      | Noticed Dowan
  1812 | D:4      | Killed Duvessa
  1813 | D:4      | Reached skill level 6 in Axes
  1813 | D:4      | Reached XP level 4. HP: 4/40 MP: 3/3
  1813 | D:4      | Reached XP level 5. HP: 5/46 MP: 4/4
  1818 | D:4      | Noticed Menkaure
  1827 | D:4      | Killed Dowan
  1829 | D:4      | Slain by Menkaure

Illustrated notes

Levels and vault maps discovered:
D:1:      scummos_arrival_checkerplants, layout_rooms, serial_shops,
          shop_fountains
D:2:      layout_basic, basic_altar, minmay_misc_feat_roman
D:3:      layout_basic
D:4:      layout_loops_ring, ebering_ghost_inner_flame,
          lightli_sewer_entry_pipes, nicolae_nh_ransacked_shop, uniq_duvessa,
          uniq_crazy_yiuf_cottage, uniq_menkaure

Skill      XL: |  1  2  3 |
---------------+----------+-----
Fighting       | 4 |  4.0
Shields        | 4 |  4.0
Armour         | 4 |  4.0
Axes           | 3 6 |  6.5

Action                     |  1- 3 |  4- 6 || total
---------------------------+-------+-------++-------
  Melee: War axe           |    89 |     9 ||    98
         Headbutt          |     8 |     1 ||     9
 Armour: Scale mail        |    68 |     7 ||    75
  Dodge: Dodged            |    46 |     4 ||    50
  Block: Buckler           |    16 |     3 ||    19

Table legend: (Time is in decaauts)
 A = Elapsed time spent in this place.
 B = Non-inter-level travel time spent in this place.
 C = Inter-level travel time spent in this place.
 D = Time resting spent in this place.
 E = Time spent auto-exploring this place.
 F = Levels seen in this place.
 G = Mean time per level.
                   A        B        C        D        E       F      G
               +--------+--------+--------+--------+--------+-----+--------+
         Total |   1861 |   1861 |      0 |     14 |    960 |   4 |  465.2 |
       Dungeon |   1861 |   1861 |      0 |     14 |    960 |   4 |  465.2 |
               +--------+--------+--------+--------+--------+-----+--------+

Top non-repeatable levels by time:
     D:3: 738 daAuts
     D:2: 559 daAuts
     D:1: 499 daAuts
     D:4: 63 daAuts
